 Dungeon Crawl Stone Soup version 0.27.0-1-g7a089689b8 (webtiles) character file.

Game seed: 17757650517583454924

156 hatdisgam the Chucker (level 5, -2/54 HPs)
             Began as an Ogre Arcane Marksman on Aug 6, 2021.
             Slain by an adder (4 damage)
             ... on level 3 of the Dungeon.
             The game lasted 00:03:50 (3413 turns).

hatdisgam the Chucker (Ogre Arcane Marksman)        Turns: 3413, Time: 00:03:51

Health: -2/54      AC:  3    Str: 15    XL:     5   Next: 38%
Magic:  6/6        EV:  9    Int: 14    God:
Gold:   110        SH:  0    Dex:  9    Spells: 5/6 levels left

rFire    . . .     SeeInvis .   m - +0 whip
rCold    . . .     Faith    .   (no shield)
rNeg     . . .     Spirit   .   a - +0 robe
rPois    .         Reflect  .   (helmet restricted)
rElec    .         Harm     .   (no cloak)
rCorr    .         Rampage  .   (gloves unavailable)
Will     .....                  (boots unavailable)
Stlth    +.........             (no amulet)
HPRegen  0.18/turn              (no ring)
MPRegen  0.10/turn              (no ring)

@: brilliant, lethally poisoned (-2 -> -4), attractive
A: large, unfitting armour, tough skin 1
a: no special abilities


You were on level 3 of the Dungeon.
You visited 1 branch of the dungeon, and saw 3 of its levels.

You collected 110 gold pieces.

Inventory:

Hand Weapons
 j - a +0 club
 m - a +0 whip (weapon)
Missiles
 c - a throwing net (quivered)
 e - 72 stones
 i - a boomerang
Armour
 a - a +0 robe (worn)
Scrolls
 f - a scroll of silence {unknown}
 h - a scroll of enchant armour {unknown}
 k - a scroll of fog {unknown}
 l - a scroll of fear {unknown}
 n - a scroll of immolation {unknown}
 p - a scroll of identify {unknown}
 q - a scroll of blinking {unknown}
Potions
 r - a potion of haste {unknown}


   Skills:
 + Level 3.7 Fighting
 * Level 2.0 Maces & Flails
 + Level 3.9 Throwing
 - Level 1.7 Dodging
 - Level 1.2 Spellcasting
 - Level 2.6 Hexes


You had 5 spell levels left.
You knew the following spells:

 Your Spells              Type           Power      Damage    Failure   Level
a - Corona                Hex            13%        N/A       9%          1

Your spell library contained the following spells:

 Spells                   Type           Power      Damage    Failure   Level
 Slow                     Hex            12%        N/A       13%         2
 Static Discharge         Conj/Air       1%         N/A       36%         2
 Inner Flame              Hex/Fire       6%         N/A       41%         3
 Portal Projectile        Hex/Tloc       12%        N/A       41%         3
 Cause Fear               Hex            6%         N/A       65%         4
 Lightning Bolt           Conj/Air       0%         1d11      100%        5
 Summon Forest            Summ/Tloc      0%         N/A       100%        5
 Eringya's Noxious Bog    Tmut/Pois      0%         N/A       100%        6
 Summon Hydra             Summ           0%         N/A       100%        7
 Maxwell's Capacitive Co  Air            0%         ∞         100%        8


Dungeon Overview and Level Annotations

Branches:
Dungeon (3/15)

Altars:
Trog


Innate Abilities, Weirdness & Mutations

You are too large for most types of armour.
You have tough skin. (AC +1)


Message History

Aim: an adder (heavily wounded, 35% to hit)
You throw a large rock.
The large rock closely misses the adder.
* * * LOW HITPOINT WARNING * * *
You feel very sick. The adder bites you but does no damage.
The adder closely misses you. The adder bites you.
* * * LOW HITPOINT WARNING * * *
You are more poisoned.
The adder poisons you!
Unknown command.
It was a potion of curing.
You feel better. The adder bites you.
* * * LOW HITPOINT WARNING * * *
Unknown command.
Throw: large rock
Press: ? - help, Q - select action, (/) - cycle Shift-Dir - straight line, f/p - adder
Aim: an adder (heavily wounded, 35% to hit)
You throw a large rock.
The large rock closely misses the adder.
The adder closely misses you. The adder barely misses you.
Unknown command.
Throw: 2 throwing nets
Press: ? - help, Q - select action, (/) - cycle Shift-Dir - straight line, f/p - adder
Aim: an adder (heavily wounded, 35% to hit)
You throw a throwing net. The throwing net misses the adder.
The adder bites you.
* * * LOW HITPOINT WARNING * * *
You are poisoned.
The adder poisons you!
Unknown command.
It was a potion of attraction.
You feel attractive to monsters.
You feel sick. The adder bites you but does no damage. The adder bites you.
* * * LOW HITPOINT WARNING * * *
Unknown command.
It was a potion of brilliance.
You feel clever all of a sudden.
* * * LOW HITPOINT WARNING * * *
You feel sick. The adder bites you.
You die...

#################
#.....>.....#...#
#................
#................
.##########................
........oS@................
#######.###................
#..##...............#
#####.#####.............
#:...S...?#.............
#$#.#.#.#$#........)....
#.......##>.......)....
###.#.###..............
#.......#..............


You could see an adder and an orc.

Vanquished Creatures
  Jessica (D:3)
  3 gnolls (D:3)
  5 adders
  A worm (D:2)
  3 dart slugs
  5 ball pythons
  8 endoplasms
  4 giant cockroaches (D:1)
  3 goblins
  5 hobgoblins
  A jackal (D:3)
  2 bats (D:1)
  A frilled lizard (D:2)
  2 kobolds (D:2)
  5 rats (D:2)
49 creatures vanquished.

Notes
Turn   | Place    | Note
-------+----------+-------------------------------------------
     0 | D:1      | hatdisgam the Ogre Arcane Marksman began the quest for the
                  | Orb.
     0 | D:1      | Reached XP level 1. HP: 19/19 MP: 2/2
   246 | D:1      | Reached XP level 2. HP: 19/28 MP: 3/3
  1215 | D:1      | You fall into a shaft and drop 1 floor!
  1262 | D:2      | Reached XP level 3. HP: 36/36 MP: 4/4
  1709 | D:2      | Found a bloodstained altar of Trog.
  1975 | D:1      | Reached XP level 4. HP: 38/44 MP: 5/5
  2310 | D:2      | Found a faded altar of an unknown god.
  2460 | D:2      | Reached skill level 1 in Maces & Flails
  2751 | D:3      | Noticed Jessica
  2875 | D:3      | Killed Jessica
  2949 | D:3      | Reached XP level 5. HP: 40/53 MP: 6/6
  3413 | D:3      | HP: 2/54 [poisoned by an adder]
  3413 | D:3      | Slain by an adder

Illustrated notes

Levels and vault maps discovered:
D:1:      psy_arrival_dodecagon, layout_loops_ring, minivault_23,
          kennysheep_doodads, corexii_hall_statues_s, kennysheep_flooded_box,
          chequers_serial_rivers_micro_c
D:2:      layout_loops_ring, hellmonk_ecumenical_altar_leap_of_faith,
          basic_altar, minmay_pentomino_r2
D:3:      minmay_spotlight, layout_rooms, mainiacjoe_overflow_alcove_1,
          nrook_mini_vaults, uniq_jessica

Skill      XL: |  1  2  3  4  5 |
---------------+----------------+-----
Fighting       | 2 3 |  3.7
Throwing       | 3 |  3.9
Maces & Flails | 1 2 |  2.0
Dodging        | |  1.7
Spellcasting   | |  1.2
Hexes          | |  2.6

Action                   |  1- 3 |  4- 6 || total
-------------------------+-------+-------++-------
Melee: Unarmed           |   145 |       ||   145
       Whip              |    19 |    93 ||   112
       Club              |    11 |       ||    11
Throw: Large rock        |     6 |     7 ||    13
       Boomerang         |       |    10 ||    10
       Throwing net      |       |     1 ||     1
  Use: Potion            |       |     3 ||     3
 Stab: Sleeping          |       |     1 ||     1
Armor: Robe              |    58 |    34 ||    92
Dodge: Dodged            |    89 |    48 ||   137
